 Dungeon Crawl Stone Soup version 0.28.0-47-ge53b351184 (webtiles) character file.

Game seed: 3166563468530353591

244 NinjaNoafa the Chopper (level 6, -1/55 HPs)
             Began as a Hill Orc Monk on Apr 27, 2022.
             Slain by Duvessa
             ... wielding a +0 rapier
              (19 damage)
             ... on level 4 of the Dungeon.
             The game lasted 00:07:16 (3951 turns).

NinjaNoafa the Chopper (Hill Orc Monk)              Turns: 3951, Time: 00:07:17

Health: -1/55      AC:  7    Str: 16    XL:     6   Next: 10%
Magic:  6/6        EV: 12    Int: 10    God:
Gold:   64         SH:  0    Dex: 13    Spells: 5/5 levels left

rFire   + + .      SeeInvis .   i - +1 war axe
rCold   + . .      Faith    .   (no shield)
rNeg    + . .      Spirit   .   p - +0 leather armour {rN+}
rPois   .          Reflect  .   (helmet restricted)
rElec   .          Harm     .   a - +0 cloak
rCorr   .          Rampage  .   e - +0 pair of gloves
Will    .....      Clarity  +   h - +0 pair of boots
Stlth   ++........              (no amulet)
HPRegen 0.18/turn               f - ring of protection from fire
MPRegen 0.10/turn               l - ring of protection from cold

@: mighty, unable to read
A: horns 1, clarity, fire resistance 1, inability to read while threatened
a: no special abilities


You were on level 4 of the Dungeon.
You visited 1 branch of the dungeon, and saw 4 of its levels.

You collected 64 gold pieces.

Inventory:

Hand Weapons
 i - a +1 war axe (weapon)
 k - a +0 hand axe of freezing
 o - a +3 spear
Missiles
 c - 2 poisoned darts (quivered)
Armour
 a - a +0 cloak (worn)
 e - a +0 pair of gloves (worn)
 h - a +0 pair of boots (worn)
 p - a +0 leather armour of positive energy (worn)
Jewellery
 f - a ring of protection from fire (left hand)
 l - a ring of protection from cold (right hand)
 n - a ring of wizardry
Scrolls
 d - 3 scrolls of amnesia
 g - a scroll of fear
 j - a scroll of identify


   Skills:
 + Level 4.8 Fighting
 + Level 5.3 Axes
 - Level 0.8(2.8) Polearms
 * Level 3.9 Armour
 - Level 2.4 Dodging
 - Level 2.4 Stealth


You had 5 spell levels left.
You didn't know any spells.
Your spell library contained the following spells:

 Spells                   Type           Power      Damage    Failure   Level
 Animate Skeleton         Necr           0%         N/A       41%         1
 Beastly Appendage        Tmut           0%         N/A       41%         1
 Pain                     Necr           0%         1d4       41%         1
 Wereblood                Tmut           0%         N/A       56%         2
 Mephitic Cloud           Conj/Pois/Air  0%         N/A       80%         3
 Spider Form              Tmut/Pois      0%         N/A       80%         3
 Vampiric Draining        Necr           0%         2d6       80%         3
 Petrify                  Tmut/Erth      0%         N/A       99%         4
 Eringya's Noxious Bog    Tmut/Pois      0%         N/A       100%        6


Dungeon Overview and Level Annotations

Branches:
Dungeon (4/15)
 Temple: D:4-7

Altars:

Shops:
D:1 (

Annotations:
D:4 Duvessa


Innate Abilities, Weirdness & Mutations

You have a pair of small horns on your head.
You possess an exceptional clarity of mind.
Your flesh is heat resistant. (rF+)
You sometimes lose the ability to read scrolls when taking damage.


Message History

The gnoll hits you from afar with a +0 spear.
You feel threatened and lose the ability to read scrolls!
The gnoll closely misses you.
It was a potion of might.
You feel very mighty all of a sudden.
You can read scrolls again.
Dowan casts a spell at you. You resist with some effort.
The gnoll completely misses you. The gnoll closely misses you.
You hit Dowan.
Dowan is moderately wounded.
You hit the gnoll.
Dowan points at you and mumbles some strange words.
You resist with some effort.
The gnoll hits you from afar with a +0 spear.
The gnoll barely misses you.
You slash Dowan! Your headbutt misses Dowan.
Dowan is severely wounded.
You closely miss the gnoll. Dowan barely misses you.
The gnoll hits you but does no damage. The gnoll barely misses you.
Dowan barely misses you.
You slice Dowan!!
You kill Dowan!
Duvessa screams in rage.
Duvessa goes berserk!
You barely miss the gnoll.
The gnoll hits you from afar with a +0 spear.
You feel threatened and lose the ability to read scrolls!
The gnoll closely misses you. Duvessa hits you with a +0 rapier.
The gnoll hits you from afar with a +0 spear.
You feel your intelligence returning.
You have reached level 6!
You slash Duvessa!
Duvessa is moderately wounded.
You hit the gnoll. Duvessa barely misses you.
The gnoll hits you but does no damage. The gnoll closely misses you.
Duvessa misses you. The gnoll barely misses you.
You hit Duvessa. You headbutt Duvessa!
Duvessa is heavily wounded.
You barely miss the gnoll. Duvessa hits you with a +0 rapier!!
You die...

##....#...## ##
##...#......#
###..##..#.###..###
#.#......### ##..###
....#......# #...#.#
....####..## #.....##...
..........## ###.....<..
#..........###...##.....
#..........##..)@# .....
#...........##.ge# ....
............##..g. ##
.###...####.#....#.
..###.## .....(##.
...##.# .......# ..
##..... ......... ..
#...## .#.#..### .......
##..# .......


You could see Duvessa (berserk) and 2 gnolls.

Vanquished Creatures
  Dowan (D:4)
  An iguana (D:4)
  An orc wizard (D:3)
  A hound skeleton (D:4)
  6 adders
  A gnoll (D:4)
  A worm (D:2)
  A dart slug (D:1)
  9 orcs (D:3)
  4 ball pythons
  2 endoplasms
  A giant cockroach (D:2)
  2 goblins
  4 hobgoblins
  6 jackals
  4 kobolds
  2 quokkas
  7 bats
  4 frilled lizards
  4 rats
62 creatures vanquished.

Notes
Turn   | Place    | Note
-------+----------+-------------------------------------------
     0 | D:1      | NinjaNoafa the Hill Orc Monk began the quest for the Orb.
     0 | D:1      | Reached XP level 1. HP: 19/19 MP: 1/1
    86 | D:1      | Found Pawaf's Antique Weapon Boutique.
   128 | D:1      | Reached XP level 2. HP: 20/27 MP: 2/2
   265 | D:1      | Reached skill level 1 in Armour
  1731 | D:2      | Reached XP level 3. HP: 33/33 MP: 3/3
  2106 | D:3      | Reached XP level 4. HP: 17/40 MP: 4/4
  2688 | D:3      | Reached XP level 5. HP: 42/47 MP: 5/5
  2785 | D:3      | Gained mutation: You sometimes lose the ability to read
                  | scrolls when taking damage. [potion of mutation]
  2785 | D:3      | Gained mutation: You have a pair of small horns on your
                  | head. [potion of mutation]
  2785 | D:3      | Gained mutation: Your flesh is heat resistant. (rF+)
                  | [potion of mutation]
  2785 | D:3      | Gained mutation: You possess an exceptional clarity of
                  | mind. [potion of mutation]
  3294 | D:3      | Got Diug's Disquisition on Noxious Stones
  3359 | D:3      | Reached skill level 5 in Axes
  3941 | D:4      | Noticed Dowan
  3944 | D:4      | Noticed Duvessa
  3949 | D:4      | Killed Dowan
  3950 | D:4      | Reached XP level 6. HP: 18/55 MP: 6/6
  3951 | D:4      | Slain by Duvessa

Illustrated notes

Levels and vault maps discovered:
D:1:      psy_arrival_terrarium, layout_basic, serial_rivers,
          chequers_serial_rivers_large_a, chequers_serial_rivers_small_3,
          chequers_serial_rivers_small_a, chequers_serial_rivers_room_b,
          serial_shops, nicolae_shop_statue_plus
D:2:      layout_loops_corners
D:3:      layout_basic
D:4:      layout_cave_pools, serial_shops, kennysheep_little_box, uniq_duvessa

Skill      XL: |  1  2  3  4  5 |
---------------+----------------+-----
Armour         | 1 2 3 |  3.9
Stealth        | 2 |  2.4
Fighting       | 4 |  4.8
Axes           | 5 |  5.3
Polearms       | |  0.8
Dodging        | |  2.4

Action                   |  1- 3 |  4- 6 || total
-------------------------+-------+-------++-------
Melee: Hand axe          |   110 |    11 ||   121
       War axe           |       |    68 ||    68
       Headbutt          |       |    10 ||    10
       Spear             |       |     6 ||     6
Throw: Dart              |    13 |     4 ||    17
  Use: Scroll            |     6 |     2 ||     8
       Potion            |     2 |     4 ||     6
 Stab: Sleeping          |     3 |     2 ||     5
Armor: Robe              |    30 |    25 ||    55
       Leather armour    |       |     3 ||     3
Dodge: Dodged            |   105 |    66 ||   171
